 Dungeon Crawl Stone Soup version 0.31-a0-358-gac0dbeb3ab (webtiles) character file.

Game seed: 1697278046898352299

62 Maratek the Firebug (level 3, -1/26 HPs)
             Began as a Draconian Fire Elementalist on July 25, 2023.
             Slain by an orc priest
             ... wielding a +4 flail
              (8 damage)
             ... on level 3 of the Dungeon.
             The game lasted 00:06:33 (1874 turns).

Maratek the Firebug (Draconian Fire Elementalist)   Turns: 1874, Time: 00:06:33

Health: -1/26      AC:  5    Str: 10    XL:     3   Next: 85%
Magic:  4/6        EV: 12    Int: 17    God:
Gold:   66         SH:  0    Dex: 11    Spells: 6/7 levels left

rFire   . . .        e - +1 dagger (drain)
rCold   . . .        (no shield)
rNeg    . . .        (body armour unavailable)
rPois   .            (helmet restricted)
rElec   .            (no cloak)
rCorr   .            (no gloves)
SInv    .            (no boots)
Will    .....        (no amulet)
Stlth   ++           (no ring)
HPRegen 0.24/turn    (no ring)
MPRegen 0.10/turn

%: no passive effects
@: no status effects
A: AC +5, unfitting armour, cold-blooded
a: no special abilities


You were on level 3 of the Dungeon.
You visited 1 branch of the dungeon, and saw 3 of its levels.

You collected 66 gold pieces.

Inventory:

Hand Weapons
 e - a +1 dagger of draining (weapon)
Scrolls
 c - a scroll of identify {unknown}
 h - a scroll of butterflies {unknown}
 i - a scroll of noise {unknown}
Potions
 a - a potion of magic
 b - 2 potions of might {unknown}
 d - a potion of brilliance {unknown}
 f - a potion of degeneration {unknown}
 g - a potion of invisibility {unknown}


   Skills:
 + Level 0.2 Fighting
 + Level 0.3 Short Blades
 + Level 2.0 Dodging
 + Level 2.4 Stealth
 + Level 2.5 Spellcasting
 + Level 1.3 Conjurations
 + Level 3.6 Fire Magic


You had 6 spell levels left.
You knew the following spells:

 Your Spells              Type           Power      Damage    Failure   Level
a - Foxfire               Conj/Fire      40%        2x1d6     7%          1

Your spell library contained the following spells:

 Spells                   Type           Power      Damage    Failure   Level
 Scorch                   Fire           28%        2d6       6%          2
 Apportation              Tloc           4%         N/A       19%         1
 Necrotise                Necr           8%         1d4       19%         1
 Summon Small Mammal      Summ           8%         N/A       19%         1
 Inner Flame              Hex/Fire       8%         N/A       26%         3
 Volatile Blastmotes      Fire/Tloc      16%        2d11      26%         3
 Flame Wave               Conj/Fire      10%        2d6       54%         4


Dungeon Overview and Level Annotations

Branches:
Dungeon (3/15)

Altars:
Wu Jian

Shops:
D:2 *


Innate Abilities, Weirdness & Mutations

Your plain brown scales are hard. (AC +5)
You cannot fit into any form of body armour.
You are cold-blooded and may be slowed by cold attacks.


Message History

You climb downwards.
There is a stone staircase leading up here.
An orc comes into view. It is wielding a +0 club.
The orc shouts!
An orc comes into view. It is wielding a +0 dagger.
An orc priest comes into view. It is wielding a +4 flail.
The orc priest shouts!
You hear a shout!
The orc priest invokes the aid of Beogh against you.
Beogh smites you!
Ouch! That really hurt!
There is a stone staircase leading up here.
You hit the orc.
The orc is heavily wounded.
The orc hits you with a +0 club.
You hit the orc.
You kill the orc!
You closely miss the orc. The orc hits you with a +0 dagger.
You barely miss the orc. The orc hits you with a +0 dagger.
You closely miss the orc.
Your tail-slap misses the orc.
The orc misses you.
The orc priest mumbles some strange prayers to Beogh against you.
Pain shoots through your body!
* * * LOW HITPOINT WARNING * * *
You closely miss the orc. The orc barely misses you.
The orc priest hits you but does no damage.
Casting: Foxfire (safe; 7% risk of failure)
Confirm with . or Enter, or press ? or * to list all spells.
You conjure some foxfire!
The orc closely misses you. The orc priest closely misses you.
You barely miss the orc. You tail-slap the orc.
The orc is heavily wounded.
The orc barely misses you.
The orc priest hits you with a +4 flail.
* * * LOW HITPOINT WARNING * * *
You hit the orc.
You kill the orc!
Casting: Foxfire (safe; 7% risk of failure)
Confirm with . or Enter, or press ? or * to list all spells.
You conjure some foxfire!
The orc priest hits you with a +4 flail!
You die...

###
#v#
##@#
#ov#
#..#
##.#
#.#
#.#
#.#
#.#
#.#


You could see an orc priest (ally target).

Vanquished Creatures
  An adder (D:2)
  A worm (D:2)
  2 orcs (D:3)
  3 endoplasms
  A giant cockroach (D:2)
  5 goblins
  5 hobgoblins (D:1)
  3 jackals (D:2)
  2 quokkas
  2 ball pythons
  6 bats
  A frilled lizard (D:2)
  5 kobolds
  10 rats
47 creatures vanquished.

Vanquished Creatures (others)
  62 foxfires
62 creatures vanquished.

Grand Total: 109 creatures vanquished

Notes
Turn   | Place    | Note
-------+----------+-------------------------------------------
     0 | D:1      | Maratek the Draconian Fire Elementalist began the quest for
                  | the Orb.
     0 | D:1      | Reached XP level 1. HP: 14/14 MP: 3/3
   355 | D:1      | Reached XP level 2. HP: 18/20 MP: 1/5
  1142 | D:2      | Found Byn Gehy's Assorted Antiques.
  1181 | D:2      | Reached XP level 3. HP: 26/26 MP: 2/6
  1614 | D:2      | Found an ornate altar of the Wu Jian Council.
  1874 | D:3      | Slain by an orc priest

Illustrated notes

Levels and vault maps discovered:
D:1:      lemuel_arrival_funnel, layout_basic, nicolae_the_louvre
D:2:      layout_rooms, serial_shops, shop, basic_altar
D:3:      layout_basic, serial_shops, nicolae_shop_just_a_little_nook,
          chequers_ecumenical_altar_simple_redux

Skill      XL: |  1  2 |
---------------+-------+-----
Stealth        | 2 |  2.4
Dodging        | 2 |  2.0
Fighting       | |  0.2
Short Blades   | |  0.3
Spellcasting   | |  2.5
Conjurations   | |  1.3
Fire Magic     | |  3.6

Action                     || total
---------------------------++-------
  Melee: Unarmed           ||    20
         Tailslap          ||    10
         Dagger            ||    68
   Cast: Foxfire           ||    60
   Stab: Sleeping          ||     2
 Armour: Skin              ||    37
  Dodge: Dodged            ||    73

Table legend: (Time is in decaauts)
 A = Elapsed time spent in this place.
 B = Non-inter-level travel time spent in this place.
 C = Inter-level travel time spent in this place.
 D = Time resting spent in this place.
 E = Time spent auto-exploring this place.
 F = Levels seen in this place.
 G = Mean time per level.
                   A        B        C        D        E       F      G
               +--------+--------+--------+--------+--------+-----+--------+
         Total |   1876 |   1876 |      0 |    142 |   1053 |   3 |  625.3 |
       Dungeon |   1876 |   1876 |      0 |    142 |   1053 |   3 |  625.3 |
               +--------+--------+--------+--------+--------+-----+--------+

Top non-repeatable levels by time:
     D:1: 1143 daAuts
     D:2: 672 daAuts
     D:3: 60 daAuts
